 Dungeon Crawl Stone Soup version 0.27-a0-1438-g9b7c6745da (webtiles) character file.

Game seed: 13173004911185897922

56 Delamore the Skirmisher (level 4, 0/37 HPs)
             Began as a Formicid Fighter on July 4, 2021.
             Slain by Sigmund (1 damage)
             ... on level 2 of the Dungeon.
             The game lasted 00:01:15 (1031 turns).

Delamore the Skirmisher (Formicid Fighter)          Turns: 1031, Time: 00:01:15

Health: 0/37       AC:  9    Str: 21    XL:     4   Next: 15%
Magic:  4/4        EV:  6    Int:  8    God:
Gold:   50         SH: 11    Dex: 10    Spells: 3/3 levels left

rFire    . . .     SeeInvis +   a - +0 quarterstaff
rCold    . . .     Faith    .   e - +2 kite shield
rNeg     . . .     Spirit   .   f - +0 chain mail
rPois    .         Reflect  .   (helmet unavailable)
rElec    .         Harm     .   (no cloak)
rCorr    .         Rampage  .   (no gloves)
Will     .....                  (no boots)
Stlth    ..........             (no amulet)
HPRegen  0.12/turn              (no ring)
MPRegen  0.09/turn              (no ring)

@: mighty
A: permanent stasis, dig shafts and tunnels, antennae 3, four strong arms, high
mp 1, no potion heal 1
a: Dig, Shaft Self


You were on level 2 of the Dungeon.
You visited 1 branch of the dungeon, and saw 2 of its levels.

You collected 50 gold pieces.

Inventory:

Hand Weapons
 a - a +0 quarterstaff (weapon)
Armour
 b - a +0 scale mail
 c - a +0 kite shield
 e - a +2 kite shield (worn)
 f - a +0 chain mail (worn)
Jewellery
 j - a ring of fire
Scrolls
 h - a scroll of vulnerability {unknown}
Potions
 g - a potion of attraction {unknown}


   Skills:
 + Level 4.0 Fighting
 * Level 3.5 Staves
 - Level 3.2 Armour
 - Level 3.6 Shields


You had 3 spell levels left.
You didn't know any spells.
Your spell library was empty.

Dungeon Overview and Level Annotations

Branches:
Dungeon (2/15)

Altars:

Annotations:
D:2 Sigmund


Innate Abilities, Weirdness & Mutations

You cannot be hasted, slowed, berserked, paralysed or teleported.
You can dig through walls and to a lower floor.
You have a pair of large antennae on your head. (SInv)
Your four strong arms can wield two-handed weapons with a shield.
You have an increased reservoir of magic. (+10% MP)
Potions are less effective at restoring your health.


Message History

Press: ? - help, Q - select action, (/) - cycle Shift-Dir - straight line, f/p - Sigmund
Aim: Sigmund, wielding a +0 scythe and wearing a +0 robe (53% to hit)
You throw a throwing net. The throwing net barely misses Sigmund.
Sigmund casts a spell at you. You resist with some effort.
Sigmund hits you with a +0 scythe!
You hit Sigmund.
Sigmund is lightly wounded.
Sigmund hits you with a +0 scythe!
* * * LOW HITPOINT WARNING * * *
You barely miss Sigmund.
Sigmund is lightly wounded.
Sigmund points at you and mumbles some strange words.
You are confused.
You're too confused to move!
Sigmund barely misses you.
Okay, then.
You closely miss Sigmund.
Sigmund is lightly wounded.
Sigmund hits you but does no damage. x2
You sock Sigmund!
Sigmund is heavily wounded.
Sigmund mumbles some strange words.
Sigmund flickers and vanishes for a moment.
You barely miss Sigmund.
Sigmund is heavily wounded.
Sigmund hits you with a +0 scythe!
* * * LOW HITPOINT WARNING * * *
You feel very mighty all of a sudden. Sigmund hits you with a +0 scythe.
* * * LOW HITPOINT WARNING * * *
You closely miss Sigmund.
Sigmund is heavily wounded.
You feel less confused. Sigmund closely misses you.
Sigmund gestures at you while chanting. You block the puff of flame.
You barely miss Sigmund.
Sigmund is heavily wounded.
Sigmund hits you with a +0 scythe.
You die...

######### .........
...### #(..########
##..........
#...######
###...########
###........#####.####
########...@@<..((.
....!............
########.........
#......... ##########


You could see Sigmund (invisible).

Vanquished Creatures
  3 gnolls (D:2)
  2 ball pythons (D:1)
  An endoplasm (D:1)
  3 giant cockroaches (D:1)
  3 goblins (D:1)
  4 hobgoblins (D:1)
  A kobold (D:1)
  A quokka (D:1)
  3 frilled lizards (D:1)
  4 rats
25 creatures vanquished.

Vanquished Creatures (others)
  8 toadstools (D:2)
8 creatures vanquished.

Grand Total: 33 creatures vanquished

Notes
Turn   | Place    | Note
-------+----------+-------------------------------------------
     0 | D:1      | Delamore the Formicid Fighter began the quest for the Orb.
     0 | D:1      | Reached XP level 1. HP: 18/18 MP: 1/1
   174 | D:1      | Reached XP level 2. HP: 21/24 MP: 2/2
   512 | D:1      | Reached XP level 3. HP: 27/30 MP: 3/3
   650 | D:1      | Gained mutation: You are clumsy. (Dex -2) [potion of
                  | mutation]
   650 | D:1      | Gained mutation: Your mind is acute. (Int +2) [potion of
                  | mutation]
   651 | D:1      | Lost mutation: You are clumsy. (Dex -2) [potion of
                  | mutation]
   651 | D:1      | Lost mutation: Your mind is acute. (Int +2) [potion of
                  | mutation]
   651 | D:1      | Gained mutation: Potions are less effective at restoring
                  | your health. [potion of mutation]
   651 | D:1      | Gained mutation: You have an increased reservoir of magic.
                  | (+10% MP) [potion of mutation]
   842 | D:2      | Reached skill level 4 in Fighting
   842 | D:2      | Reached XP level 4. HP: 19/37 MP: 4/4
  1017 | D:2      | Noticed Sigmund
  1029 | D:2      | HP: 1/37 [Sigmund (1)]
  1031 | D:2      | Slain by Sigmund

Illustrated notes

Levels and vault maps discovered:
D:1:      dpeg_arrival_solitude, layout_loops_ring
D:2:      cheibrodos_fertilizer, layout_rooms, uniq_sigmund

Skill      XL: |  1  2  3 |
---------------+----------+-----
Staves         | 3 |  3.5
Fighting       | 4 |  4.0
Armour         | |  3.2
Shields        | |  3.6

Action                   |  1- 3 |  4- 6 || total
-------------------------+-------+-------++-------
Melee: Quarterstaff      |    83 |    10 ||    93
Throw: Throwing net      |       |     2 ||     2
  Use: Scroll            |     2 |       ||     2
       Potion            |     2 |     1 ||     3
Armor: Chain mail        |    35 |     4 ||    39
       Scale mail        |     3 |       ||     3
Dodge: Dodged            |    17 |     2 ||    19
Block: Kite shield       |    49 |     3 ||    52

Table legend: (Time is in decaauts)
 A = Elapsed time spent in this place.
 B = Non-inter-level travel time spent in this place.
 C = Inter-level travel time spent in this place.
 D = Time resting spent in this place.
 E = Time spent auto-exploring this place.
 F = Levels seen in this place.
 G = Mean time per level.
                   A        B        C        D        E       F      G
               +--------+--------+--------+--------+--------+-----+--------+
         Total |   1063 |   1044 |     19 |    143 |    666 |   2 |  531.5 |
       Dungeon |   1063 |   1044 |     19 |    143 |    666 |   2 |  531.5 |
               +--------+--------+--------+--------+--------+-----+--------+

Top non-repeatable levels by time:
     D:1: 820 daAuts
     D:2: 243 daAuts
